Description

Chargelot Archon

Replay - pigosaur 31 maxpax solar g3

Build Order

Get SALT Encoding   

  12  0:00  Probe  
  13  0:12  Probe  
  14  0:19  Pylon  
  14  0:24  Probe  
  15  0:33  Probe  
  15  0:40  Gateway  
  15  0:41  Probe  
  16  0:47  Assimilator  
  17  0:52  Probe  
  18  1:04  Probe  
  19  1:16  Probe  
  20  1:22  Nexus  
  20  1:31  Cybernetics Core  
  20  1:35  Probe  
  21  1:40  Assimilator  
  22  1:47  Probe  
  22  1:49  Pylon  
  23  2:07  Adept  
  25  2:14  Stargate  
  26  2:22  Warp Gate  
  29  2:37  Adept  
  33  2:47  Oracle  
  38  3:05  Pylon  
  40  3:07  Adept  
  44  3:26  Oracle  
  49  3:34  Nexus  
  51  3:42  Pylon  
  53  4:05  Gateway  
  55  4:10  Twilight Council  
  55  4:11  Blink  
  55  4:13  Assimilator x2  
  56  4:22  Gateway x2  
  54  4:38  Forge  
  55  4:42  Stalker  
  63  5:04  Stalker x2  
  68  5:10  Protoss Ground Weapons Level 1, Pylon  
  70  5:16  Shield Battery  
  70  5:20  Stalker x2  
  80  5:43  Stalker x4  
  80  5:46  Assimilator x2  
  90  6:02  Shield Battery  
  89  6:04  Templar Archives  
  89  6:11  Stalker  
  93  6:12  Charge  
  99  6:18  Psionic Storm  
  99  6:22  Gateway x3  
  99  6:29  Gateway  
  99  6:38  Zealot x3  
  99  6:56  High Templar  
  99  7:00  Gateway  
  101  7:05  High Templar x3, Gateway  
  101  7:08  Photon Cannon  
  107  7:09  Robotics Facility  
  107  7:13  Archon  
  107  7:23  High Templar x2  
  107  7:27  Archon  
  111  7:36  Zealot x2  
  111  7:43  Zealot x4  
  111  7:47  Archon  
  105  7:56  Zealot  
  105  7:57  Immortal  
  90  8:07  High Templar  
  102  8:15  Photon Cannon x2  
  102  8:19  Shield Battery, High Templar x3  
  104  8:22  Nexus  
  114  8:32  Observer  
  112  8:55  Immortal  
  112  9:00  Archon  
  109  9:14  Archon  
  109  9:33  Archon  
  111  9:45  Photon Cannon  
  125  9:46  Shield Battery  
Spawning Tool Build Advisor. Get it on Overwolf

Go to:

Details

  • Created by: Bobodixon
  • Published on: Sep 09, 2025
  • Modified on: Sep 09, 2025
  • Patch: 5.0.11
  • Difficulty: Medium
Show
View Real Time Build Order
Export as new Build Order

Comments (1)

On Sept. 10, 2025, 9:46 p.m., sc2ool  said:

Cool, I didn't know that Twilight Council only takes 1 second to build.
Maybe pay attention when creating a build order to post.

Create an account to comment!